 Dungeon Crawl Stone Soup version 0.28-a0-1182-g381e24db82 (webtiles) character file.

Game seed: 13057379967061209529

26 ytrimaz the Insei (level 3, 23/23 HPs)
             Began as an Octopode Transmuter on Dec 16, 2021.
             Quit the game on level 2 of the Dungeon.
             The game lasted 00:00:55 (1300 turns).

ytrimaz the Insei (Octopode Transmuter)             Turns: 1300, Time: 00:00:56

Health: 23/23      AC:  1    Str: 11    XL:     3   Next: 8%
Magic:  6/6        EV: 13    Int: 15    God:
Gold:   59         SH:  0    Dex: 12    Spells: 3/6 levels left

rFire   . . .      SeeInvis .     - Unarmed
rCold   . . .      Faith    .   (no shield)
rNeg    . . .      Spirit   .   (helmet restricted)
rPois   .          Reflect  .   (no amulet)
rElec   .          Harm     .   (no ring)
rCorr   .          Rampage  .   (no ring)
Will    .....                   (no ring)
Stlth   ++........              (no ring)
HPRegen 0.07/turn               (no ring)
MPRegen 0.10/turn               (no ring)
                                (no ring)
                                (no ring)

@: attractive
A: almost no armour, amphibious, 8 rings, camouflage 1, gelatinous body 1,
(nimble swimmer 1), tentacles
a: no special abilities


You were on level 2 of the Dungeon.
You visited 1 branch of the dungeon, and saw 2 of its levels.

You collected 59 gold pieces.

You aren't carrying anything.


   Skills:
 * Level 1.2 Fighting
 * Level 2.2 Dodging
 + Level 3.3 Unarmed Combat
 * Level 2.4 Spellcasting
 * Level 2.3 Transmutations


You had 3 spell levels left.
You knew the following spells:

 Your Spells              Type           Power      Damage    Failure   Level
a - Beastly Appendage     Tmut           16%        N/A       9%          1
b - Wereblood             Tmut           8%         N/A       12%         2

Your spell library contained the following spells:

 Spells                   Type           Power      Damage    Failure   Level
 Spider Form              Tmut/Pois      5%         N/A       36%         3
 Ice Form                 Ice/Tmut       5%         N/A       78%         4


Dungeon Overview and Level Annotations

Branches:
Dungeon (2/15)

Altars:


Innate Abilities, Weirdness & Mutations

You cannot wear most types of armour.
You are amphibious.
You can wear up to eight rings at the same time.
Your skin changes colour to match your surroundings (Stealth+).
Your rubbery body absorbs attacks. (AC +1, EV +1)
((You are camouflaged near water. (Stealth+)))
You have tentacles for arms and can constrict up to eight enemies at once.


Message History

The adder is moderately wounded.
The adder barely misses you.
You miss the adder. You grab the adder.
The adder is moderately wounded.
You constrict the adder. The adder closely misses you.
You tentacle-slap the adder.
You pierce the adder.
Your squeeze misses the adder.
The adder is almost dead.
You constrict the adder. The adder bites you.
You are poisoned.
The adder poisons you! The adder bites you.
You are lethally poisoned!
The adder poisons you!
You tentacle-slap the adder but do no damage.
Your tentacle spike misses the adder.
The adder is almost dead.
You constrict the adder.
You kill the adder!
You feel very sick.
You have reached level 3!
Your experience leads to an increase in your attributes!
Increase (S)trength, (I)ntelligence, or (D)exterity?
You feel stronger. x2
You feel sick.
You feel sick.
Your transformation is almost over.
You feel sick.
You feel sick.
You feel sick.
You feel sick.
You feel sick.
You feel sick.
You are no longer poisoned.
Your tentacle spike disappears.
Key pressed, stopping explore.
You now have 59 gold pieces (gained 4).
Found a short sword.
It was a potion of attraction.
You feel attractive to monsters.
Are you sure you want to abandon this character and quit the game? (Confirm with "yes".)

#. .#...# ######
#.......#.# ##....#
###
#.#.#.#.#.####.....#
#.# #...#.#....#.#.#
#.# #.#..........#.#
#.#
..#.#.#.##########.#
.# #.#.#............#
#.#.#...##############
#.....@.# #.#####.# #
.# )# .# .# .# .#


There were no monsters in sight!

Vanquished Creatures
  An adder (D:2)
  3 endoplasms
  2 hobgoblins (D:1)
  A quokka (D:2)
  2 ball pythons (D:1)
  3 bats
  A frilled lizard (D:1)
  A kobold (D:1)
  5 rats (D:1)
19 creatures vanquished.

Notes
Turn   | Place    | Note
-------+----------+-------------------------------------------
     0 | D:1      | ytrimaz the Octopode Transmuter began the quest for the
                  | Orb.
     0 | D:1      | Reached XP level 1. HP: 13/13 MP: 3/3
   381 | D:1      | Reached XP level 2. HP: 14/18 MP: 5/5
   384 | D:1      | Learned a level 2 spell: Wereblood
   961 | D:2      | Reached XP level 3. HP: 12/23 MP: 4/6
  1300 | D:2      | Quit the game

Illustrated notes

Levels and vault maps discovered:
D:1:      saegor_arrival_under_anarchy, layout_basic
D:2:      layout_basic, basic_altar, minmay_goblin_kobold_house, uniq_sigmund,
          uniq_crazy_yiuf_cottage

Action                   || total
-------------------------++-------
Melee: Unarmed           ||    40
       Constrict         ||    12
       Kick              ||     9
       Tentacles         ||     8
 Cast: Beastly Appendage ||    13
  Use: Scroll            ||     3
       Potion            ||     1
 Stab: Sleeping          ||     3
Armor: Skin              ||     1
Dodge: Dodged            ||    24

Table legend: (Time is in decaauts)
 A = Elapsed time spent in this place.
 B = Non-inter-level travel time spent in this place.
 C = Inter-level travel time spent in this place.
 D = Time resting spent in this place.
 E = Time spent auto-exploring this place.
 F = Levels seen in this place.
 G = Mean time per level.
                   A        B        C        D        E       F      G
               +--------+--------+--------+--------+--------+-----+--------+
         Total |   1297 |   1276 |     21 |     20 |   1071 |   2 |  648.5 |
       Dungeon |   1297 |   1276 |     21 |     20 |   1071 |   2 |  648.5 |
               +--------+--------+--------+--------+--------+-----+--------+

Top non-repeatable levels by time:
     D:1: 726 daAuts
     D:2: 570 daAuts
